Arrhythmia, chaotic female vampiric Convict ----------------------------------------------------- |.%.%..%...)...%..................................*.| |..----------------------------...---.-------------.| |.)|..........................|...| --- -----|.| |.).............<).)..).......|...-- |...||.| |.)|....................^^....---..| ---...||.| |.)|............................|..| |.....||.| |..------------------------------..| |..----|.| |....^..................(..........| |..| |.| |..------------------------------..-- |..| |.| |..| |.... ----..-----.| |..| ---.----|...........| |..- |.|...|------------ |... |.|.{.------------- ---- |.|......*..*..@I.| |.---------------.| |.................| ------------------- Arrhythmia the Prisoner Experience level: 10 Strength: 25 Dexterity: 13 Constitution: 19 Intelligence: 13 Wisdom: 9 Charisma: 7 Health: 0(108) Energy: 60(60) AC: -9 Gold: 0 Moves: 11038 Your Inventory: Weapons w - the uncursed rustproof +0 Luck Blade (weapon in hand) T - an [uncursed +0] dagger Armor a - an [uncursed +0] pair of elven boots b - an [uncursed +0] shield [elven] c - an [uncursed +0] shield [elven] d - an uncursed +0 leather cloak (being worn) k - an uncursed +0 small shield (being worn) m - an uncursed +0 pair of fencing gloves [leather] (being worn) o - a blessed +3 elven mithril-coat (being worn) p - an uncursed +0 T-shirt (being worn) L - an uncursed +0 pair of hard shoes of power [iron] (being worn) Z - an uncursed +1 hard hat [dwarvish iron helm] (being worn) Potions R - an [uncursed] sparkling potion [of speed] S - an [uncursed] emerald potion [of extra healing] W - an [uncursed] potion [of oil] Wands V - an [uncursed] glass wand [of light (0:11)] X - an [uncursed] wand [of lightning (0:2)] Y - an [uncursed] wand [of striking (0:4)] Tools s - an uncursed [+0] pick-axe [of reflection] C - an uncursed towel F - an uncursed [+0] unicorn horn P - an uncursed skeleton key Spells known in the end: Name Level Category Fail Memory a - remove curse 3 clerical 100% [||||....] b - detect treasure 4 divination 100% [|||||...] c - light 1 divination 100% [|||||...] d - haste self 3 escape 100% [||||||||] Your skills at the end: Fighting Skills body armor [Basic / Skilled] shield [Basic / Basic] Weapon Skills broadsword [Basic / Basic] sling [Basic / Skilled] Spellcasting Skills Final Attributes: You were piously aligned. Hunger level was 550. Your alignment was 64 / 65. Monster difficulty range was 2 - 11. Level difficulty was 12. You were immune to poison. You were immune to level-drain. You were immune to sickness. You were blinded. You could fly. You could survive without air. You regenerated. You were very lucky (9). You had extra luck. Bad luck did not time out for you. Good luck did not time out for you. You are dead. Vanquished creatures: a flesh golem a large mimic a baby long worm a couatl a stalker 2 elf-lords 4 wargs 2 small mimics a quantum mechanic 2 gelatinous cubes 3 pyrolisks a large dog a flaming sphere 2 shocking spheres a tengu a pit viper a carnivorous ape a chameleon a crocodile a winter wolf cub 3 leprechauns an orc-captain a mumak 2 horses 2 ice vortices a black light 2 vampire bats 2 gnome kings 2 brown puddings a werewolf a lizard a housecat 2 jaguars 3 dwarf lords 2 white unicorns a gray unicorn a dust vortex a gnome mummy 2 snakes 4 apes a rope golem a Woodland-elf a soldier ant 4 snow ants a bugbear 2 imps a quasit 2 Uruk-hai 2 rock piercers a pony a fog cloud a shrieker 12 gnome lords 6 gnomish wizards a red naga hatchling a barrow wight 3 elf zombies a ghoul 3 straw golems a paper golem a baby crocodile 5 giant ants a floating eye 16 dwarves a kobold lord a kobold shaman a centipede 3 giant bats a monkey an orc zombie a werejackal 4 iguanas 9 killer bees an acid blob a coyote a gas spore 6 hobbits a large kobold 3 hobgoblins 2 cave spiders a brown mold 3 yellow molds 2 green molds a red mold 85 gnomes 4 garter snakes 2 geckos a jackal 2 foxes 3 kobolds 2 goblins 4 sewer rats 9 grid bugs 4 lichens 2 kobold zombies 5 newts 300 creatures vanquished. Voluntary challenges: You went without food. You used a wielded weapon 198 times. You read items or engraved 728 times. You put on armor 96 times. You never genocided any monsters. You never polymorphed an object. You changed form 1 time. You used no wishes. You wrote Elbereth's name 263 times. You encountered 1 bones level. You never used any Sokoban shortcuts. Dungeon overview: The Dungeons of Doom: levels 1 to 3 Level 1 a long staircase Level 3 stairs to The Gnomish Mines The Gnomish Mines: levels 4 to 12 Level 4 stairs to The Dungeons of Doom Level 5 (2 magic traps) Level 7 many shops, a temple to Tymora, a magic chest Level 12 <- You were here a fountain History has recorded: On T:1 you entered the Dungeons of Doom to retrieve the Amulet of Yendor! On T:436 you advanced to experience level 2. On T:645 you reached level 2 of The Dungeons of Doom. On T:802 you advanced to experience level 3. On T:971 you reached level 3 of The Dungeons of Doom. On T:1140 you advanced to experience level 4. On T:1562 you advanced to experience level 5. On T:1777 you reached level 1 of The Gnomish Mines. On T:1836 you advanced to experience level 6. On T:2291 you reached level 2 of The Gnomish Mines. On T:2384 you advanced to experience level 7. On T:2906 you reached level 3 of The Gnomish Mines. On T:3362 you advanced to experience level 8. On T:5575 you received Luck Blade from Tymora. On T:5790 you advanced to experience level 9. On T:5913 you received Stormbringer from Tymora. On T:6943 you reached level 4 of The Gnomish Mines. On T:7674 you reached level 5 of The Gnomish Mines. On T:7950 you reached level 6 of The Gnomish Mines. On T:8560 you advanced to experience level 10. On T:9225 you reached level 7 of The Gnomish Mines. On T:9543 you reached level 8 of The Gnomish Mines. On T:9985 you reached level 9 of The Gnomish Mines. Latest messages: You scrawl "Elbereth" with your fingers onto the floor. It hits! (2x) [HP-16=78] You scrawl "Elbereth" with your fingers onto the floor. It hits! It misses. [HP-5=73] You scrawl "Elbereth" with your fingers onto the floor. It hits! (2x) [HP-8=65] You scrawl "Elbereth" with your fingers onto the floor. It hits! (2x) [HP-17=48] You scrawl "Elbereth" with your fingers onto the floor. It hits! (2x) [HP-15=33] You scrawl "Elbereth" with your fingers onto the floor. It hits! (2x) [HP-16=17] You scrawl "Elbereth" with your fingers onto the floor. It hits! (2x) You die... Final status: Goodbye Arrhythmia the Convict... You died in The Gnomish Mines on dungeon level 12 with 21216 points, and 0 pieces of gold, after 11038 moves. You were level 10 with a maximum of 108 hit points when you died.